[Event "Candidates 2011"]
[Site "Kazan, Russia"]
[Date "2011.05.08"]
[Round "1.4"]
[White "Topalov, Veselin"]
[Black "Kamsky, Gata"]
[Result "1/2-1/2"]
[ECO "A05"]
[WhiteElo "2775"]
[BlackElo "2732"]
[PlyCount "116"]
[EventDate "2011.??.??"]
[TimeControl "7200"]

1. Nf3 Nf6 2. c4 g6 3. Nc3 d5 4. cxd5 Nxd5 5. Qc2 Bg7 6. e4 Nb6 7. d4 O-O 8.
Be3 Bg4 9. Ne5 Bxe5 10. dxe5 Nc6 11. h3 Be6 12. Rd1 Qc8 13. f4 Rd8 14. b3 Nb4
15. Rxd8+ Qxd8 16. Qb1 f5 17. exf6 exf6 18. Be2 Qe7 19. O-O Bf7 20. Bf2 Rd8 21.
Rd1 Rxd1+ 22. Qxd1 c5 23. Bf1 Nc6 24. g3 Kg7 25. Bg2 h5 26. Nb5 Nc8 27. Qd2 c4
28. bxc4 Bxc4 29. Nd4 Qb4 30. Qc1 N8e7 31. a3 Qa4 32. Qb2 b6 33. Kh2 Kf7 34.
Qc3 Ba2 35. f5 Qc4 36. Qb2 Ne5 37. Qd2 g5 38. Ne6 N7c6 39. Qd6 Ke8 40. Nc7+ Kf7
41. Nd5 Qe2 42. Qxf6+ Ke8 43. Qe6+ Kf8 44. Kg1 Qd1+ 45. Bf1 Bxd5 46. exd5 Nd4
47. Qf6+ Kg8 48. Qxg5+ Kf7 49. Qd8 Qc2 50. Bg2 Qc1+ 51. Kh2 Qc2 52. Bg1 Ndf3+
53. Kh1 Ne1 54. Bf2 Qxf2 55. Qc7+ Kf6 56. Qd6+ Kf7 57. Qc7+ Kf6 58. Qd6+ Kf7
1/2-1/2

[Event "Candidates 2011"]
[Site "Kazan, Russia"]
[Date "2011.05.16"]
[Round "2.5"]
[White "Gelfand, Boris"]
[Black "Kamsky, Gata"]
[Result "1-0"]
[ECO "A04"]
[WhiteElo "2733"]
[BlackElo "2732"]
[PlyCount "112"]
[EventDate "2011.??.??"]
[TimeControl "300+3"]

1. Nf3 f5 2. g3 Nf6 3. Bg2 g6 4. O-O Bg7 5. d4 O-O 6. b3 e6 7. Bb2 h6 8. c4 d6
9. Nbd2 g5 10. Qc2 Nc6 11. e4 g4 12. Nh4 f4 13. e5 f3 14. Bxf3 gxf3 15. exf6
Qxf6 16. Ndxf3 Bd7 17. Rae1 Be8 18. Re3 Bh5 19. Rfe1 Rae8 20. Bc3 Nd8 21. d5 e5
22. Rf1 Nf7 23. Nd2 Qd8 24. Ng6 Bxg6 25. Qxg6 Ng5 26. Ne4 Nf3+ 27. Kg2 Nd4 28.
Bd2 Kh8 29. Rd3 Nf5 30. Rf3 Qd7 31. Qh5 Kg8 32. Kh1 b5 33. g4 Nd4 34. Rxf8+
Rxf8 35. Bxh6 bxc4 36. bxc4 Nf3 37. Qg6 Nh4 38. Qxg7+ Qxg7 39. Bxg7 Kxg7 40.
Ng5 Rb8 41. Ne6+ Kg6 42. Nxc7 Rc8 43. Nb5 Rxc4 44. Nxd6 Rc2 45. Nf5 Nf3 46. Kg2
e4 47. Rd1 Ne5 48. d6 Nd7 49. Rd4 Rxa2 50. Rxe4 Rd2 51. h4 a5 52. Re6+ Nf6 53.
g5 Kxf5 54. Rxf6+ Ke5 55. h5 a4 56. h6 Kd5 1-0

[Event "Candidates 2011"]
[Site "Kazan, Russia"]
[Date "2011.05.16"]
[Round "2.5"]
[White "Grischuk, Alexander"]
[Black "Kramnik, Vladimir"]
[Result "1/2-1/2"]
[ECO "D37"]
[WhiteElo "2747"]
[BlackElo "2785"]
[PlyCount "27"]
[EventDate "2011.??.??"]
[TimeControl "1500+10"]

1. d4 Nf6 2. c4 e6 3. Nf3 d5 4. Nc3 Be7 5. Bf4 O-O 6. e3 Nbd7 7. c5 Nh5 8. b4
Nxf4 9. exf4 c6 10. Bd3 b6 11. O-O a5 12. a3 Qc7 13. g3 Ba6 14. Bxa6 1/2-1/2

[Event "Candidates 2011"]
[Site "Kazan, Russia"]
[Date "2011.05.16"]
[Round "2.5"]
[White "Kamsky, Gata"]
[Black "Gelfand, Boris"]
[Result "1/2-1/2"]
[ECO "B90"]
[WhiteElo "2732"]
[BlackElo "2733"]
[PlyCount "63"]
[EventDate "2011.??.??"]
[TimeControl "1500+10"]

1. e4 c5 2. Nf3 d6 3. d4 cxd4 4. Nxd4 Nf6 5. Nc3 a6 6. Be3 e5 7. Nf3 Be7 8. Bc4
O-O 9. O-O Be6 10. Bb3 Nc6 11. Qe2 Na5 12. Rfd1 Qc7 13. Bg5 Rac8 14. Bxf6 Bxf6
15. Rac1 Nxb3 16. axb3 Qc6 17. Nd5 Bd8 18. c4 f5 19. exf5 Bxf5 20. h3 Qe8 21.
Rc3 Qg6 22. Nh2 Bh4 23. Nf3 Bd8 24. Kh2 Kh8 25. b4 Be6 26. Re3 Qf7 27. b3 b5
28. Kh1 Qb7 29. Re4 Bf5 30. Re3 Be6 31. Re4 Bf5 32. Re3 1/2-1/2

[Event "Nakamura - Ponomariov (rapid)"]
[Site "Internet Chess Club"]
[Date "2011.05.24"]
[Round "1"]
[White "Ponomariov"]
[Black "Nakamura"]
[Result "1/2-1/2"]
[ECO "A88"]
[WhiteElo "2754"]
[BlackElo "2774"]
[PlyCount "194"]
[EventDate "2011.??.??"]
[TimeControl "1500+5"]

1. d4 f5 2. Nf3 Nf6 3. g3 g6 4. Bg2 d6 5. O-O Bg7 6. c4 O-O 7. Nc3 c6 8. d5 e6
9. dxe6 Bxe6 10. b3 Na6 11. Bb2 Re8 12. Qc2 Qe7 13. Rad1 Rad8 14. e3 Nb4 15.
Qb1 a5 16. Ng5 Bc8 17. Ne2 Ng4 18. Bxg7 Kxg7 19. Nf3 Qf6 20. a3 Na6 21. b4 Be6
22. Rc1 axb4 23. axb4 Bf7 24. Ned4 c5 25. bxc5 dxc5 26. Nb5 b6 27. h3 Ne5 28.
Nxe5 Qxe5 29. Qa2 Nb4 30. Qa7 Qb8 31. Qxb8 Rxb8 32. Nd6 Red8 33. Nxf7 Kxf7 34.
Rfd1 Ke7 35. e4 f4 36. Rxd8 Rxd8 37. gxf4 Nd3 38. Rb1 Nxf4 39. Rxb6 Rd4 40. Bf1
h5 41. f3 Rd2 42. h4 Ne6 43. Bh3 Nf4 44. Bf1 Rc2 45. e5 Ne6 46. Bd3 Rc3 47.
Bxg6 Rxf3 48. Rb7+ Kf8 49. Be4 Re3 50. Bd5 Rxe5 51. Kf2 Ke8 52. Kf3 Kf8 53. Rh7
Ng7 54. Kf4 Re1 55. Kg5 Rg1+ 56. Kf6 Ne8+ 57. Kf5 Rf1+ 58. Kg5 Rg1+ 59. Kh6 Ng7
60. Be4 Kf7 61. Rh8 Rg4 62. Bd5+ Kf6 63. Rf8+ Ke5 64. Rf7 Nf5+ 65. Kxh5 Rxh4+
66. Kg5 Rf4 67. Be6 Nd4 68. Bd5 Nf3+ 69. Kg6 Rg4+ 70. Kh5 Rh4+ 71. Kg6 Nd2 72.
Rf5+ Kd4 73. Be6 Ne4 74. Rd5+ Kc3 75. Kf5 Kb4 76. Rd1 Nc3 77. Re1 Rh5+ 78. Kf6
Na4 79. Ke7 Nb2 80. Re4 Rh7+ 81. Kd6 Rh6 82. Kd5 Nd1 83. Rf4 Nb2 84. Re4 Na4
85. Ke5 Rh1 86. Rf4 Rd1 87. Rf8 Nb2 88. Rb8+ Kc3 89. Kf6 Ra1 90. Rb5 Nd3 91.
Bf5 Ra6+ 92. Ke7 Rc6 93. Kd7 Rh6 94. Bxd3 Kxd3 95. Rxc5 Rh4 96. Kc6 Rxc4 97.
Rxc4 Kxc4 {Game drawn} 1/2-1/2

[Event "Nakamura - Ponomariov (rapid)"]
[Site "Internet Chess Club"]
[Date "2011.05.24"]
[Round "2"]
[White "Nakamura"]
[Black "Ponomariov"]
[Result "1-0"]
[ECO "A01"]
[WhiteElo "2774"]
[BlackElo "2754"]
[PlyCount "111"]
[EventDate "2011.??.??"]
[TimeControl "1500+5"]

1. b3 e5 2. Bb2 Nc6 3. e3 Nf6 4. Bb5 Bd6 5. Bxc6 dxc6 6. d3 O-O 7. Nd2 Re8 8.
e4 Nd7 9. Ne2 Nf8 10. O-O Ne6 11. Kh1 c5 12. Nc4 f6 13. Ne3 a5 14. a4 Nd4 15.
Ng3 Be6 16. Nef5 Bf8 17. f4 Bxf5 18. exf5 exf4 19. Ne4 Nxf5 20. Rxf4 Nd4 21.
Bxd4 cxd4 22. Rf5 Ra6 23. Qf3 Rc6 24. Qf2 Bd6 25. Rxa5 Be5 26. Rc5 Rxc5 27.
Nxc5 Qd5 28. Ne4 Re6 29. Re1 g6 30. g4 Kg7 31. Qf3 c6 32. Re2 Re7 33. Nd2 Qc5
34. Ne4 Qd5 35. h3 b5 36. a5 b4 37. g5 f5 38. Nd2 Qxa5 39. Qxc6 Bd6 40. Rxe7+
Bxe7 41. Nf3 Qa1+ 42. Kg2 Qc3 43. Qc4 Kf8 44. h4 Bc5 45. Kf1 Ke7 46. Ke2 Kd6
47. Qf7 Qxc2+ 48. Nd2 Ke5 49. Qc7+ Kd5 50. Qxh7 Ke5 51. Qc7+ Ke6 52. Qc6+ Ke5
53. Qxg6 Kf4 54. Qc6 Qc1 55. Qf3+ Ke5 56. Nc4+ {White wins} 1-0

[Event "Nakamura - Ponomariov (rapid)"]
[Site "Internet Chess Club"]
[Date "2011.05.25"]
[Round "3"]
[White "Ponomariov"]
[Black "Nakamura"]
[Result "0-1"]
[ECO "D11"]
[WhiteElo "2754"]
[BlackElo "2774"]
[PlyCount "54"]
[EventDate "2011.??.??"]
[TimeControl "1500+5"]

1. d4 d5 2. c4 c6 3. Nf3 Nf6 4. Qb3 e6 5. Bf4 dxc4 6. Qxc4 b5 7. Qc2 Bb7 8. e4
Nbd7 9. Nbd2 a6 10. a4 Bb4 11. Bd3 c5 12. axb5 axb5 13. O-O c4 14. Be2 Rc8 15.
d5 Qb6 16. dxe6 fxe6 17. e5 Nd5 18. Bg3 O-O 19. Ng5 Rf5 20. Nxe6 Qxe6 21. Bg4
Ne3 22. Bxf5 Nxf5 23. Nf3 Bxf3 24. gxf3 Nc5 25. Rfd1 h5 26. Ra7 h4 27. Bf4 Qg6+
{Black wins} 0-1

[Event "Nakamura - Ponomariov (rapid)"]
[Site "Internet Chess Club"]
[Date "2011.05.25"]
[Round "4"]
[White "Nakamura"]
[Black "Ponomariov"]
[Result "1/2-1/2"]
[ECO "E60"]
[WhiteElo "2774"]
[BlackElo "2754"]
[PlyCount "77"]
[EventDate "2011.??.??"]
[TimeControl "1500+5"]

1. d4 Nf6 2. c4 g6 3. g3 c5 4. d5 b5 5. cxb5 a6 6. bxa6 Bg7 7. Bg2 d6 8. Nc3
O-O 9. Nf3 Nxa6 10. O-O Bf5 11. Re1 Ne4 12. Nxe4 Bxe4 13. Nd2 Bxg2 14. Kxg2 Qa5
15. e4 Nb4 16. a3 Nd3 17. Re3 Qa6 18. Qc2 Nb4 19. Qd1 c4 20. Rb1 Nd3 21. Nxc4
Nxf2 22. Kxf2 Qxc4 23. b3 Qd4 24. Qd3 Rfc8 25. Kg2 Qb6 26. b4 Rc3 27. Qe2 Raxa3
28. Rxc3 Rxc3 29. b5 Qc5 30. Bd2 Rc2 31. b6 Qd4 32. b7 Rxd2 33. b8=Q+ Bf8 34.
Qxd2 Qxd2+ 35. Kh3 Qe2 36. Qc8 h5 37. Rb8 Kh7 38. Qxf8 Qf1+ 39. Kh4 {Game drawn
} 1/2-1/2

[Event "5th Kings Tournament"]
[Site "Internet Chess Club"]
[Date "2011.06.11"]
[Round "1"]
[White "Carlsen, Magnus"]
[Black "Nakamura, Hikaru"]
[Result "1-0"]
[ECO "D31"]
[WhiteElo "2815"]
[BlackElo "2774"]
[PlyCount "76"]
[EventDate "2011.??.??"]
[TimeControl "7200"]

1. d4 d5 2. c4 e6 3. Nc3 Be7 4. cxd5 exd5 5. Bf4 c6 6. Qc2 Bg4 7. e3 Bh5 8. Bd3
Bg6 9. Bxg6 hxg6 10. O-O-O Nf6 11. f3 Nbd7 12. Nge2 b5 13. e4 b4 14. Na4 dxe4
15. fxe4 Qa5 16. Kb1 O-O 17. h4 Rfe8 18. e5 Nd5 19. h5 g5 20. h6 g6 21. Bc1
N7b6 22. Nc5 Bxc5 23. dxc5 b3 24. Qxb3 Qxc5 25. Nd4 Rxe5 26. Nf3 Re2 27. Nxg5
Qe7 28. Qd3 Rf8 29. Rdf1 f5 30. g4 Na4 31. Qd4 Qe5 32. Qxe5 Rxe5 33. gxf5 gxf5
34. Nf3 Re7 35. Rfg1+ Kh7 36. Rg7+ Kh8 37. Rhg1 Rfe8 38. Nh4 Rxg7 1-0

[Event "5th Kings Tournament"]
[Site "Medias, Romania"]
[Date "2011.06.11"]
[Round "1"]
[White "Nisipeanu, Liviu-Dieter"]
[Black "Karjakin, Sergei"]
[Result "1/2-1/2"]
[ECO "E54"]
[WhiteElo "2662"]
[BlackElo "2776"]
[PlyCount "40"]
[EventDate "2011.??.??"]
[TimeControl "7200"]

1. d4 Nf6 2. c4 e6 3. Nc3 Bb4 4. e3 O-O 5. Bd3 d5 6. Nf3 c5 7. O-O dxc4 8. Bxc4
cxd4 9. exd4 a6 10. a3 Bxc3 11. bxc3 Qc7 12. Bd3 Qxc3 13. Bf4 Nc6 14. Re1 h6
15. Bd6 Rd8 16. Bc7 Rd7 17. Re3 Qb2 18. Re2 Qc3 19. Re3 Qb2 20. Re2 Qc3 1/2-1/2

[Event "39th Greek Team Championship"]
[Site "Eretria"]
[Date "2011.07.06"]
[Round "5"]
[White "Ivanchuk, Vassily"]
[Black "Papaioannou, Vassily"]
[Result "1/2-1/2"]
[ECO "E11"]
[WhiteElo "2768"]
[BlackElo "2592"]
[PlyCount "195"]
[EventDate "2011.??.??"]
[TimeControl "5400"]

1. d4 Nf6 2. c4 e6 3. Nf3 Bb4+ 4. Bd2 Qe7 5. g3 Nc6 6. Nc3 O-O 7. Bg2 Bxc3 8.
Bxc3 Ne4 9. Rc1 d6 10. d5 Nd8 11. O-O f5 12. dxe6 Nxe6 13. Nd4 N6g5 14. f4 Nf7
15. Bxe4 Qxe4 16. Nb5 Bd7 17. Qd3 Qxd3 18. exd3 c6 19. Na3 Rfe8 20. Kf2 Re7 21.
Rfe1 Rxe1 22. Kxe1 Nd8 23. Kd2 Kf7 24. Nc2 Ne6 25. b4 b6 26. Ne3 g6 27. Rb1 c5
28. b5 Bc8 29. a4 Bb7 30. a5 bxa5 31. Bxa5 Nd4 32. h3 h5 33. Bc3 Ne6 34. Ke2
Ke7 35. Kf2 Kd7 36. Rb2 h4 37. Ra2 a6 38. bxa6 Rxa6 39. Rxa6 Bxa6 40. Ng2 hxg3+
41. Kxg3 Ke7 42. Ne3 Bb7 43. h4 Kf7 44. h5 Bc6 45. h6 Kg8 46. Bf6 Kh7 47. Bg5
Nc7 48. Kf2 d5 49. Ke2 dxc4 50. dxc4 Ne8 51. Nd5 Nd6 52. Kd3 Ba4 53. Kc3 Ne4+
54. Kb2 Nd6 55. Kc3 Ne4+ 56. Kd3 Nf2+ 57. Kd2 Ne4+ 58. Ke3 Nd6 59. Kd3 Ne4 60.
Nc7 Bd7 61. Nb5 Be6 62. Na3 Nf2+ 63. Kc3 Ng4 64. Nc2 Nxh6 65. Be7 Ng4 66. Bxc5
g5 67. fxg5 Kg6 68. Be7 Bxc4 69. Kxc4 Ne5+ 70. Kd5 Nf3 71. Nd4 Nxg5 72. Ke5
Nf7+ 73. Kf4 Nh6 74. Bf8 Ng4 75. Nxf5 Nf6 76. Bc5 Kf7 77. Nd4 Kg6 78. Nf3 Nd5+
79. Ke5 Nf6 80. Ke6 Ng4 81. Bd4 Nh6 82. Be3 Kh5 83. Bd2 Kg6 84. Ne5+ Kh5 85.
Nd3 Kg6 86. Nf4+ Kg5 87. Nd5+ Kg6 88. Ne7+ Kh5 89. Kf6 Ng4+ 90. Kf5 Nh6+ 91.
Kf4 Ng4 92. Nc6 Nh6 93. Ne5 Ng8 94. Bb4 Nh6 95. Be7 Ng8 96. Bg5 Nh6 97. Bd8 Ng8
98. Ke4 1/2-1/2

[Event "39th Greek Team Championship"]
[Site "Eretria"]
[Date "2011.07.06"]
[Round "5"]
[White "Navara, David"]
[Black "Rapport, Richard"]
[Result "1-0"]
[ECO "C98"]
[WhiteElo "2722"]
[BlackElo "2545"]
[PlyCount "67"]
[EventDate "2011.??.??"]
[TimeControl "5400"]

1. e4 e5 2. Nf3 Nc6 3. Bb5 a6 4. Ba4 Nf6 5. O-O Be7 6. Re1 b5 7. Bb3 d6 8. c3
O-O 9. h3 Na5 10. Bc2 c5 11. d4 Qc7 12. Nbd2 Nc6 13. d5 Nd8 14. a4 Rb8 15. Nf1
Ne8 16. axb5 axb5 17. b4 g6 18. Be3 c4 19. Ra7 Rb7 20. Rxb7 Nxb7 21. Qe2 f5 22.
Bh6 Rf7 23. exf5 gxf5 24. Ng5 Bxg5 25. Bxg5 Rg7 26. f4 Qf7 27. Ne3 Nc7 28. Ra1
Rg6 29. h4 exf4 30. Bxf4 Qf6 31. Rf1 Rg7 32. Bg5 Qe5 33. Bxf5 Bxf5 34. Nxf5 1-0

[Event "European Championship"]
[Site "Plovdiv BUL"]
[Date "2012.03.25"]
[Round "6"]
[White "Cheparinov, Ivan"]
[Black "Malakhov, Vladimir"]
[Result "1/2-1/2"]
[ECO "D15"]
[WhiteElo "2664"]
[BlackElo "2705"]
[PlyCount "101"]
[EventDate "2012.03.20"]
[EventRounds "11"]
[EventCountry "BUL"]
[TimeControl "5400"]

1. d4 d5 2. c4 c6 3. Nf3 Nf6 4. Nc3 a6 5. a4 e6 6. g3 dxc4 7. e4 Bb4 8. e5 Nd5
9. Bd2 b5 10. Bg2 Bb7 11. Ng5 h6 12. Qh5 g6 13. Qh3 Nd7 14. O-O Be7 15. Nce4
Kf8 16. axb5 axb5 17. Nd6 Bxd6 18. exd6 Kg7 19. Ne4 Rxa1 20. Rxa1 Qb6 21. Rd1
b4 22. Qh4 Bc8 23. Bf1 c3 24. bxc3 bxc3 25. Nxc3 Qb3 26. Rc1 Qb2 27. Nxd5 Qxd2
28. Qf4 Qxf4 29. Nxf4 Nf6 30. Rxc6 Rd8 31. Rc7 g5 32. Nd3 Ne4 33. Ne5 Nxd6 34.
Be2 Rf8 35. Bd3 Rd8 36. Be2 Rf8 37. Bd3 Rd8 38. Bg6 Rf8 39. Bxf7 Nxf7 40. Nxf7
Rxf7 41. Rxc8 Rd7 42. Rc4 Rd5 43. Kg2 e5 44. dxe5 Rxe5 45. h4 Kg6 46. Rc6+ Kh5
47. hxg5 hxg5 48. f3 g4 49. f4 Re2+ 50. Kf1 Re1+ 51. Kxe1 1/2-1/2

[Event "European Championship"]
[Site "Plovdiv BUL"]
[Date "2012.03.25"]
[Round "6"]
[White "Jobava, Baadur"]
[Black "Kuzubov, Yuriy"]
[Result "1/2-1/2"]
[ECO "C04"]
[WhiteElo "2706"]
[BlackElo "2615"]
[PlyCount "98"]
[EventDate "2012.03.20"]
[EventRounds "11"]
[EventCountry "BUL"]
[TimeControl "5400"]

1. e4 e6 2. d4 d5 3. Nd2 Nc6 4. Ngf3 Nf6 5. e5 Nd7 6. c4 Be7 7. Bd3 Nb4 8. Bb1
dxc4 9. Nxc4 Nb6 10. Ncd2 Bd7 11. a3 N4d5 12. O-O Ba4 13. Bc2 Qd7 14. Ne4 Bxc2
15. Qxc2 h6 16. Bd2 a5 17. Rac1 Qb5 18. Nc5 Nd7 19. Rfe1 Bxc5 20. dxc5 Nb8 21.
Nd4 Qa6 22. Re4 Nc6 23. Nxc6 Qxc6 24. Rg4 g6 25. Ra4 g5 26. b4 Rg8 27. bxa5 Nf4
28. Bxf4 gxf4 29. g3 fxg3 30. hxg3 Rg5 31. Rh4 Qf3 32. Rxh6 O-O-O 33. c6 Qxc6
34. Qxc6 bxc6 35. Rh7 Rxe5 36. Rxf7 Rd6 37. Rf8+ Kd7 38. Ra8 Rd3 39. a4 Rd4 40.
Ra1 c5 41. a6 c4 42. a5 Rd6 43. Kg2 c3 44. g4 c2 45. Rc1 Rc6 46. Rb8 Rxa5 47.
Rb2 Raxa6 48. Rbxc2 Rxc2 49. Rxc2 Kd6 1/2-1/2

[Event "European Championship"]
[Site "Plovdiv BUL"]
[Date "2012.03.25"]
[Round "6"]
[White "Jones, Gawain C B"]
[Black "Fressinet, Laurent"]
[Result "1/2-1/2"]
[ECO "C67"]
[WhiteElo "2635"]
[BlackElo "2693"]
[PlyCount "69"]
[EventDate "2012.03.20"]
[EventRounds "11"]
[EventCountry "BUL"]
[TimeControl "5400"]

1. e4 e5 2. Nf3 Nc6 3. Bb5 Nf6 4. O-O Nxe4 5. d4 Nd6 6. dxe5 Nxb5 7. a4 Nbd4 8.
Nxd4 d5 9. exd6 Nxd4 10. Qxd4 Qxd6 11. Qe3+ Be6 12. Nc3 a6 13. Rd1 Qc6 14. Rd3
Be7 15. Nb5 O-O 16. Nd4 Qd5 17. Nxe6 Qxe6 18. Qxe6 fxe6 19. Be3 Bf6 20. c3 Rfd8
21. Rad1 Rxd3 22. Rxd3 Rd8 23. Rxd8+ Bxd8 24. g4 e5 25. Kg2 Kf7 26. Kf3 Ke6 27.
Ke4 c6 28. f3 b5 29. b3 g6 30. c4 Be7 31. Bd2 Bd8 32. Bc3 Bc7 33. Bd2 Bd8 34.
Bc3 Bc7 35. Bd2 1/2-1/2

[Event "European Championship"]
[Site "Plovdiv BUL"]
[Date "2012.03.25"]
[Round "6"]
[White "Naiditsch, Arkadij"]
[Black "Sokolov, Ivan"]
[Result "1-0"]
[ECO "C84"]
[WhiteElo "2702"]
[BlackElo "2653"]
[PlyCount "66"]
[EventDate "2012.03.20"]
[EventRounds "11"]
[EventCountry "BUL"]
[TimeControl "5400"]

1. e4 e5 2. Nf3 Nc6 3. Bb5 a6 4. Ba4 Nf6 5. O-O Be7 6. d3 d6 7. c4 O-O 8. h3
Be6 9. Nc3 Nd7 10. Be3 f5 11. exf5 Bxf5 12. d4 Bf6 13. d5 Na5 14. Nd2 Bd3 15.
Qg4 Nb6 16. Bxb6 cxb6 17. Rfd1 Kh8 18. Nde4 Bxe4 19. Qxe4 g6 20. Bc2 Bg7 21.
Bd3 Rf4 22. Qe2 Rd4 23. Ne4 b5 24. cxb5 Qb6 25. Rab1 axb5 26. Ng5 Rxd5 27. Bxg6
Rxd1+ 28. Rxd1 hxg6 29. Rxd6 Qc7 30. Rxg6 Ra6 31. Rxa6 bxa6 32. Qh5+ Kg8 33.
Qh7+ Kf8 1-0

[Event "European Championship"]
[Site "Plovdiv BUL"]
[Date "2012.03.25"]
[Round "6"]
[White "Ragger, Markus"]
[Black "Movsesian, Sergei"]
[Result "1/2-1/2"]
[ECO "D15"]
[WhiteElo "2654"]
[BlackElo "2702"]
[PlyCount "84"]
[EventDate "2012.03.20"]
[EventRounds "11"]
[EventCountry "BUL"]
[TimeControl "5400"]

1. Nf3 d5 2. d4 Nf6 3. c4 c6 4. Nc3 a6 5. a4 e6 6. g3 dxc4 7. Bg2 c5 8. dxc5
Qxd1+ 9. Nxd1 Bd7 10. Ne5 Nc6 11. Nxc4 Bxc5 12. Be3 Bxe3 13. Ndxe3 Ke7 14. Nb6
Rab8 15. Rc1 Rhd8 16. f4 Be8 17. Kf2 Rd4 18. Rc4 Rd2 19. Rb1 Nd4 20. Bf1 Ne4+
21. Ke1 Bc6 22. Rd1 Rxd1+ 23. Nxd1 Rd8 24. Ne3 Nf5 25. Nxf5+ exf5 26. b3 Nd2
27. Rc3 Rd4 28. a5 g6 29. Nc4 Nxc4 30. bxc4 Be4 31. e3 Rd8 32. Be2 Kd6 33. Rb3
Kc5 34. Rb6 Bc6 35. Rb3 h6 36. h4 Rd6 37. Rb6 f6 38. Bf1 Rd7 39. Be2 g5 40. Bf1
Rd8 41. Rb2 Rd7 42. Rb6 Rd8 1/2-1/2

[Event "European Championship"]
[Site "Plovdiv BUL"]
[Date "2012.03.25"]
[Round "6"]
[White "Riazantsev, Alexander"]
[Black "Esen, Baris"]
[Result "1-0"]
[ECO "D36"]
[WhiteElo "2710"]
[BlackElo "2555"]
[PlyCount "99"]
[EventDate "2012.03.20"]
[EventRounds "11"]
[EventCountry "BUL"]
[TimeControl "5400"]

1. d4 d5 2. c4 c6 3. Nf3 Nf6 4. Nc3 e6 5. Bg5 Nbd7 6. cxd5 exd5 7. e3 Be7 8.
Qc2 O-O 9. Bd3 Re8 10. O-O Nf8 11. Rab1 Bd6 12. Rfe1 Bg4 13. Nd2 Be6 14. Nf1
Rc8 15. b4 b6 16. Bh4 Ng6 17. Bg3 Re7 18. Rec1 Bxg3 19. Nxg3 Ne8 20. Nf5 Rec7
21. Ne2 Bxf5 22. Bxf5 Ra8 23. a4 Nd6 24. Bd3 a6 25. Rd1 b5 26. Ra1 Nf8 27. Nc1
g6 28. Nb3 Ne6 29. Nc5 Kg7 30. Ra2 Rcc8 31. Rda1 Nc4 32. Qc3 Kg8 33. g3 Qe8 34.
h4 Nxc5 35. dxc5 Rab8 36. axb5 axb5 37. Ra7 Ra8 38. Qf6 Rxa7 39. Rxa7 Qf8 40.
e4 dxe4 41. Bxe4 Qg7 42. Qxg7+ Kxg7 43. Ra6 Re8 44. Bxc6 Re1+ 45. Kg2 Rb1 46.
Bd5 Ne5 47. Ra7 Rxb4 48. c6 Rb2 49. c7 Rc2 50. Be6 1-0

[Event "European Championship"]
[Site "Plovdiv BUL"]
[Date "2012.03.25"]
[Round "6"]
[White "Rodshtein, Maxim"]
[Black "Inarkiev, Ernesto"]
[Result "0-1"]
[ECO "D17"]
[WhiteElo "2652"]
[BlackElo "2695"]
[PlyCount "56"]
[EventDate "2012.03.20"]
[EventRounds "11"]
[EventCountry "BUL"]
[TimeControl "5400"]

1. d4 d5 2. c4 c6 3. Nf3 Nf6 4. Nc3 dxc4 5. a4 Bf5 6. Ne5 Nbd7 7. Nxc4 Qc7 8.
g3 e5 9. dxe5 Nxe5 10. Bf4 Nfd7 11. Bg2 f6 12. O-O g5 13. Bxe5 Nxe5 14. Ne3 Be6
15. a5 a6 16. Ne4 Be7 17. b4 f5 18. Nc5 Bxc5 19. bxc5 f4 20. Nc2 Rd8 21. Qc1
O-O 22. Rd1 Bc4 23. Nd4 Qe7 24. Qc3 Qf6 25. e3 Rd7 26. exf4 gxf4 27. gxf4 Qxf4
28. Qe3 Rg7 0-1

[Event "Neckar Open"]
[Site "?"]
[Date "2012.04.08"]
[Round "6"]
[White "Rapport, Richard"]
[Black "Naiditsch, Arkadij"]
[Result "1-0"]
[ECO "A12"]
[WhiteElo "2559"]
[BlackElo "2702"]
[PlyCount "65"]
[EventDate "2012.??.??"]
[TimeControl "3420"]

1. Nf3 d5 2. g3 Nf6 3. Bg2 Bf5 4. O-O e6 5. c4 c6 6. d3 Be7 7. b3 O-O 8. Bb2 a5
9. a3 Na6 10. Nbd2 Nd7 11. Qc2 Bf6 12. Rab1 Nac5 13. Bd4 Qe7 14. b4 axb4 15.
axb4 Na4 16. e4 dxe4 17. dxe4 Bg6 18. c5 Rfd8 19. Bxf6 Qxf6 20. Rfc1 Bh5 21.
Rb3 b5 22. Rd3 Ne5 23. Nxe5 Qxe5 24. Nb3 Qb2 25. Rxd8+ Rxd8 26. Qxb2 Nxb2 27.
Na5 Nd3 28. Nxc6 Ra8 29. Rb1 Ra2 30. Nd4 Nxf2 31. c6 e5 32. c7 Bg4 33. Nf5 1-0

[Event "Schachbundesliga 2011/2012"]
[Site "?"]
[Date "2011.10.15"]
[Round "2"]
[White "Fridman, Daniel"]
[Black "Bacrot, Etienne"]
[Result "1/2-1/2"]
[WhiteElo "2652"]
[BlackElo "2705"]
[PlyCount "42"]
[EventDate "2011.??.??"]
[TimeControl "2400"]

1. d4 Nf6 2. c4 g6 3. Nf3 Bg7 4. g3 d5 5. Bg2 dxc4 6. Na3 c3 7. bxc3 O-O 8. O-O
c5 9. Ne5 Nc6 10. Nxc6 bxc6 11. Bxc6 Bh3 12. Bg2 Bxg2 13. Kxg2 Ne4 14. Bb2 cxd4
15. cxd4 Rb8 16. Qc2 Qd5 17. f3 Rfc8 18. Qxe4 Qxe4 19. fxe4 Rxb2 20. Rfc1 Rxc1
21. Rxc1 Bxd4 1/2-1/2

[Event "7th Edmonton International"]
[Site "Edmonton - Canada"]
[Date "2012.06.28"]
[Round "3"]
[White "Porper, Edward"]
[Black "Short, Nigel"]
[Result "0-1"]
[ECO "A40"]
[WhiteElo "2414"]
[BlackElo "2705"]
[PlyCount "98"]
[EventDate "2012.??.??"]
[TimeControl "5400"]

1. d4 e6 2. c4 b6 3. e4 Bb7 4. Qc2 Bb4+ 5. Bd2 Nc6 6. Nf3 Qf6 7. Bxb4 Nxb4 8.
Qd2 c5 9. Nc3 Ne7 10. d5 O-O 11. a3 Na6 12. Be2 Ng6 13. O-O d6 14. Rfe1 Nc7 15.
Rad1 Rad8 16. b4 Bc8 17. Bf1 e5 18. Re3 Qe7 19. bxc5 bxc5 20. Rb1 Ne8 21. Rb8
f5 22. exf5 Bxf5 23. Rxd8 Qxd8 24. Qb2 Nf6 25. h3 h6 26. Ne2 Bd7 27. Nd2 a5 28.
Rb3 a4 29. Rb6 e4 30. Ng3 Qe7 31. Qc3 Re8 32. Qe3 Qe5 33. Nb1 h5 34. Nc3 h4 35.
Nge2 Ne7 36. Qf4 Qxf4 37. Nxf4 Nf5 38. Nfe2 e3 39. Rb7 exf2+ 40. Kxf2 Re3 41.
Ra7 Kf8 42. Ra6 g5 43. Ke1 Rd3 44. Nxa4 Ne4 45. Nb6 Be8 46. Nc1 Re3+ 47. Kd1
Rc3 48. Ne2 Ne3+ 49. Ke1 Rb3 0-1

[Event "7th Edmonton International"]
[Site "Edmonton - Canada"]
[Date "2012.06.29"]
[Round "4"]
[White "Short, Nigel"]
[Black "Haessel, Dale"]
[Result "1-0"]
[ECO "D03"]
[WhiteElo "2705"]
[BlackElo "2161"]
[PlyCount "45"]
[EventDate "2012.??.??"]
[TimeControl "5400"]

1. d4 Nf6 2. Nf3 g6 3. Bg5 Bg7 4. Nbd2 d5 5. e3 O-O 6. Be2 Nbd7 7. O-O c5 8. c3
b6 9. a4 a5 10. Re1 Re8 11. Bb5 Ba6 12. Bxf6 Bxf6 13. Bc6 Rc8 14. Bxd5 cxd4 15.
exd4 e6 16. Bb3 h5 17. Ne4 Be7 18. d5 exd5 19. Qxd5 Rf8 20. Rad1 Nc5 21. Qe5
Qc7 22. Nxc5 Bxc5 23. Qf6 1-0

[Event "7th Edmonton International"]
[Site "Edmonton - Canada"]
[Date "2012.06.30"]
[Round "5"]
[White "Pechenkin, Vladimir"]
[Black "Short, Nigel"]
[Result "0-1"]
[ECO "A10"]
[WhiteElo "2312"]
[BlackElo "2705"]
[PlyCount "52"]
[EventDate "2012.??.??"]
[TimeControl "5400"]

1. c4 b6 2. Nc3 Bb7 3. e4 e5 4. Nf3 Nc6 5. d4 exd4 6. Nxd4 Bb4 7. Be3 Bxc3+ 8.
bxc3 Nf6 9. f3 d6 10. Be2 Nd7 11. O-O O-O 12. Qe1 Kh8 13. Qg3 Qf6 14. h4 Qe5
15. Qf2 Nc5 16. Nb5 Qe7 17. Rfd1 f5 18. Bg5 Qd7 19. exf5 Rxf5 20. Qg3 h6 21.
Nxd6 cxd6 22. Rxd6 Qf7 23. Bxh6 Rf6 24. Bg5 Rxd6 25. Qxd6 Re8 26. Bf1 Ne5 0-1

[Event "7th Edmonton International"]
[Site "Edmonton - Canada"]
[Date "2012.06.30"]
[Round "6"]
[White "Short, Nigel"]
[Black "Krush, Irina"]
[Result "1/2-1/2"]
[ECO "C00"]
[WhiteElo "2705"]
[BlackElo "2457"]
[PlyCount "98"]
[EventDate "2012.??.??"]
[TimeControl "5400"]

1. e4 c5 2. Nf3 e6 3. g3 Nc6 4. Bg2 Nf6 5. Qe2 d6 6. O-O Be7 7. c3 O-O 8. d4
cxd4 9. cxd4 d5 10. e5 Ne4 11. Be3 Bd7 12. Rd1 Qa5 13. Ne1 f6 14. f3 Ng5 15.
Nd3 fxe5 16. dxe5 Qa6 17. Nc3 d4 18. Bxg5 Bxg5 19. Nc5 Qxe2 20. Nxe2 Be3+ 21.
Kh1 Nxe5 22. Nxd7 Nxd7 23. Nxd4 Bxd4 24. Rxd4 Nf6 25. Re1 Kf7 26. f4 Rfd8 27.
Rxd8 Rxd8 28. Bxb7 Rb8 29. Ba6 Rxb2 30. Bc4 Nd5 31. f5 Nc7 32. Bb3 Rd2 33. Rc1
Rd7 34. fxe6+ Nxe6 35. Rc6 Re7 36. Ra6 Kf6 37. Kg1 g5 38. Kf2 h5 39. Kf3 Kf5
40. Ra5+ Kg6 41. Bxe6 Rxe6 42. Rxa7 Rf6+ 43. Ke2 Rb6 44. Rd7 Ra6 45. Rd2 Kf5
46. Kd3 Kg4 47. Kc4 Ra8 48. Kb5 Rb8+ 49. Kc5 Ra8 1/2-1/2